 Dungeon Crawl Stone Soup version 0.18.1-48-g4cf74bf (webtiles) character file.

482 Heedrag the Thaumaturge (level 6, -1/32 HPs)
             Began as a Deep Elf Conjurer on July 24, 2016.
             Slain by a worker ant (2 damage)
             ... on level 4 of the Dungeon.
             The game lasted 00:08:29 (3335 turns).

Heedrag the Thaumaturge (Deep Elf Conjurer)         Turns: 3335, Time: 00:08:30

Health: -1/32      AC:  3    Str:  7    XL:     6   Next: 87%
Magic:  26/29      EV: 13    Int: 20    God:
Gold:   281        SH:  0    Dex: 15    Spells: 4 memorised, 11 levels left

rFire  + . .     SeeInvis .     q - -1 dagger (curse)
rCold  . . .     Gourm    .     a - +0 robe
rNeg   . . .     Faith    .     (no shield)
rPois  .         Spirit   .     (no helmet)
rElec  .         Dismiss  .     (no cloak)
rCorr  .         Reflect  .     (no gloves)
SustAt .         Harm     +     v - +0 pair of boots
MR     .....                    i - amulet of harm
Stlth  ++........               z - ring of protection from fire (curse)
                                o - ring of magical power

@: lethally poisoned (-1 -> -14), not resistant to hostile enchantments,
unstealthy
A: no striking features
a: no special abilities


You were on level 4 of the Dungeon.
You were very hungry.

You visited 1 branch of the dungeon, and saw 4 of its levels.

You collected 281 gold pieces.

Inventory:

Hand Weapons
 e - a +0 dagger
 f - a +2 dagger of venom
 l - a +1 dagger of speed
 q - a cursed -1 dagger (weapon)
 J - a +0 dagger of speed
Armour
 a - a +0 robe (worn)
 v - a +0 pair of boots (worn)
Magical Staves
 w - an uncursed staff of poison
Jewellery
 i - an amulet of harm (around neck)
 o - a ring of magical power (left hand)
 z - a cursed ring of protection from fire (right hand)
Wands
 x - a wand of digging (1/24)
 B - a wand of paralysis (13/24)
Scrolls
 d - 3 scrolls of amnesia {unknown}
 g - 5 scrolls of fog {unknown}
 j - 3 scrolls of recharging {unknown}
 m - a scroll of remove curse {unknown}
 p - a scroll of enchant weapon {unknown}
 r - 3 scrolls of teleportation {unknown}
 y - a scroll of identify {unknown}
 A - a scroll of noise {unknown}
 D - a scroll of random uselessness {unknown}
 E - 2 scrolls of magic mapping {unknown}
 H - a scroll of fear {unknown}
 I - a scroll of enchant armour {unknown}
Potions
 k - 2 potions of mutation {unknown}
 s - a potion of curing {unknown}
 t - 2 potions of degeneration {unknown}
 F - a potion of cure mutation {unknown}
Books
 b - a book of Conjurations

   Spells                             Type                      Level
   a - Magic Dart                     Conjuration                  1
   b - Searing Ray                    Conjuration                  2
   c - Dazzling Spray                 Conjuration/Hexes            3
   d - Fulminant Prism                Conjuration/Hexes            4
   e - Iskenderun's Mystic Blast      Conjuration                  4
   f - Iskenderun's Battlesphere      Conjuration/Charms           5
 C - a book of Clouds

   Spells                             Type                      Level
   a - Mephitic Cloud                 Conjuration/Poison/Air       3
   b - Conjure Flame                  Conjuration/Fire             3
   c - Poisonous Cloud                Conjuration/Poison/Air       6
   d - Freezing Cloud                 Conjuration/Ice/Air          6
   e - Ring of Flames                 Charms/Fire                  7
 G - a book of Alchemy

   Spells                             Type                      Level
   a - Sublimation of Blood           Necromancy                   2
   b - Ignite Poison                  Fire/Transmutation/Poison    3
   c - Petrify                        Transmutation/Earth          4
   d - Alistair's Intoxication        Transmutation/Poison         5
   e - Irradiate                      Conjuration/Transmutation    5
Comestibles
 c - 3 bread rations
 h - 3 meat rations
 n - a beef jerky
 u - 6 fruits


   Skills:
 - Level 2.4 Dodging
 - Level 2.4 Stealth
 * Level 9.9 Spellcasting
 - Level 4.3 Conjurations


You had 11 spell levels left.
You knew the following spells:

 Your Spells              Type           Power        Failure   Level  Hunger
a - Magic Dart            Conj           ####         1%          1    None
b - Dazzling Spray        Conj/Hex       ###...       10%         3    None
c - Iskenderun's Mystic   Conj           ####....     14%         4    ##.....
d - Iskenderun's Battles  Conj/Chrm      ###.....     82%         5    #####..


Dungeon Overview and Level Annotations

Branches:
Dungeon (4/15)
 Temple: D:4-7

Altars:
Pakellas
The Shining One

Annotations:
D:4 Dowan, Duvessa, Eustachio


Message History

Confirm wit' . or Enter, or press ? or * ta list all spells.
Aimin': Magic Dart
Press: ? - help, Shift-Dir - straight line, f/p - worker ant
Aim: a worker ant (lightly wounded) Tha magic dart hits tha worker ant.
Tha worker ant be moderately wounded.
Ye feel sick.
Dowan hits ye but does nay damage.
Tha worker ant bites ye.
* * * LOW HITPOINT WARNIN'
* * * Castin': Magic Dart Confirm wit' . or Enter, or press ? or * ta list all spells.
Aimin': Magic Dart
Press: ? - help, Shift-Dir - straight line, f/p - worker ant
Aim: a worker ant (moderately wounded) Tha magic dart hits tha worker ant.
Tha worker ant be heavily wounded.
* * * LOW HITPOINT WARNIN'
* * * Ye feel sick.
Dowan hits ye wit' a dagger.
* * * LOW HITPOINT WARNIN'
* * * Tha worker ant bites ye.
Ye die...

..........##
#............###
..........#
##...........##
..........# #............#
.........####............#
.........##.............##
#.......................#
.......#####............#
.##..### #..........###
###### #....@a.....## #
#.....e......## ##
............#...# .#
................## ##
.................## #
#..............#..##
##............###ยง.##
#............# ##..#
......## ##..#


You could see Dowan and a worker ant.

Vanquished Creatures
  Sigmund (D:4)
  The ghost of Heedrag the Magician, an amateur DECj (D:4)
  An iguana (D:4)
  An orc wizard (D:4)
  Robin (D:2)
  3 gnolls (D:2)
  6 adders
  3 worms
  A dart slug (D:3)
  2 giant geckos (D:2)
  3 orcs
  6 giant cockroaches
  18 goblins
  13 hobgoblins
  3 jackals (D:4)
  A quokka (D:3)
  8 bats
  5 giant newts
  14 kobolds
  7 rats
98 creatures vanquished.

Notes
Turn   | Place    | Note
--------------------------------------------------------------
     0 | D:1      | Heedrag the Deep Elf Conjurer began the quest for the Orb.
     0 | D:1      | Reached XP level 1. HP: 10/10 MP: 6/6
   162 | D:1      | Reached XP level 2. HP: 15/15 MP: 8/8
   164 | D:1      | Reached skill level 4 in Spellcasting
   556 | D:2      | Reached XP level 3. HP: 15/19 MP: 8/11
   567 | D:2      | Learned a level 3 spell: Dazzling Spray
   641 | D:2      | Reached skill level 5 in Spellcasting
   646 | D:2      | Noticed Robin
  1062 | D:2      | Found a glowing golden altar of the Shining One.
  1511 | D:2      | Killed Robin
  1511 | D:2      | Reached skill level 6 in Spellcasting
  1511 | D:2      | Reached XP level 4. HP: 24/24 MP: 14/14
  1804 | D:2      | Reached skill level 7 in Spellcasting
  1837 | D:2      | Learned a level 4 spell: Iskenderun's Mystic Blast
  2003 | D:3      | Reached XP level 5. HP: 28/28 MP: 16/16
  2010 | D:3      | Learned a level 5 spell: Iskenderun's Battlesphere
  2075 | D:3      | Found an oddly glowing altar of Pakellas.
  2772 | D:4      | Reached skill level 8 in Spellcasting
  2863 | D:4      | Noticed Sigmund
  2871 | D:4      | Killed Sigmund
  2871 | D:4      | Reached skill level 9 in Spellcasting
  2871 | D:4      | Reached XP level 6. HP: 26/32 MP: 13/20
  3196 | D:4      | Noticed Heedrag's ghost (amateur DECj)
  3202 | D:4      | Killed Heedrag's ghost
  3319 | D:4      | Noticed Eustachio
  3319 | D:4      | Noticed Duvessa
  3319 | D:4      | Noticed Dowan
  3335 | D:4      | HP: 1/32 [Dowan/dagger (2)]
  3335 | D:4      | Slain by a worker ant

Skill      XL: |  1  2  3  4  5 |
---------------+----------------+-----
Spellcasting   | 4 6 7 9 |  9.9
Dodging        | |  2.4
Stealth        | |  2.4
Conjurations   | |  4.3

Action                   |  1- 3 |  4- 6 || total
-------------------------+-------+-------++-------
Melee: Dagger            |    11 |     2 ||    13
 Cast: Magic Dart        |    81 |   131 ||   212
       Dazzling Spray    |       |     5 ||     5
 Stab: Sleeping          |     1 |       ||     1
  Eat: Chunk             |     2 |     4 ||     6
Armor: Robe              |     1 |     8 ||     9
Dodge: Dodged            |    16 |    16 ||    32
